[Event "November 21 Early 2023"]
[Site "https://www.chess.com"]
[Date "2023.11.21"]
[Round "11"]
[White "Golubev, Mikhail"]
[Black "LeoLV10"]
[Result "0-1"]
[Board "61"]
[TimeControl "180+1"]
[WhiteFideId "14100983"]
[WhiteElo "2352"]
[BlackElo "2522"]
[WhiteTeam "UKR"]
[WhiteClock "0:00:00"]
[BlackClock "0:00:15"]

1. e4 c6 2. Nf3 d5 3. Nc3 Bg4 4. h3 Bxf3 5. Qxf3 e6 6. d4 dxe4 7. Qxe4 Nf6 8. Qd3 Nbd7 9. Be2 Bd6 10. O-O O-O 11. Ne4 Nxe4 12. Qxe4 Nf6 13. Qf3 Bc7 14. Bg5 Qxd4 15. Bxf6 Qxf6 16. Qxf6 gxf6 17. Rad1 Rfd8 18. Rxd8+ Rxd8 19. Rd1 Bd6 20. g3 Kf8 21. Kg2 Ke7 22. c3 b5 23. Bf3 Rc8 24. Kf1 a5 25. b3 c5 26. Be2 Rb8 27. Kg2 a4 28. Rb1 a3 29. Rd1 Be5 30. c4 b4 31. Bd3 Rd8 32. Bc2 Rh8 33. f4 Bd4 34. f5 h6 35. Kf3 Kd6 36. h4 exf5 37. Bxf5 Re8 38. Be4 f5 39. Bxf5 Re3+ 40. Kf4 Re2 41. Bb1 Ke6 42. g4 Kf6 43. h5 Rf2+ 44. Kg3 Re2 45. Rf1+ Ke7 46. Kf3 Re3+ 47. Kf4 Rc3 48. Kf5 Re3 49. g5 Re5+ 50. Kf4 Rxg5 51. Rh1 Kf6 52. Be4 Be5+ 53. Kf3 Rg3+ 54. Kf2 Rg4 55. Kf3 Rf4+ 56. Ke3 Rg4 57. Rf1+ Ke7 58. Rf5 Bd4+ 59. Kf3 Rg1 60. Bd5 f6 0-1

[Event "November 21 Early 2023"]
[Site "https://www.chess.com"]
[Date "2023.11.21"]
[Round "11"]
[White "Baches Garcia, Guillermo"]
[Black "Vlassov, Nikolai"]
[Result "0-1"]
[Board "62"]
[TimeControl "180+1"]
[WhiteFideId "2209764"]
[BlackFideId "4103360"]
[WhiteElo "2519"]
[BlackElo "2324"]
[WhiteTeam "ESP"]
[BlackTeam "FID"]
[WhiteClock "0:00:00"]
[BlackClock "0:00:39"]

1. d4 Nf6 2. Nf3 e6 3. Bg5 h6 4. Bh4 c5 5. e3 b6 6. Nbd2 Bb7 7. Bd3 g5 8. Bg3 g4 9. Ne5 h5 10. Qe2 Bxg2 11. Rg1 Bb7 12. O-O-O Be7 13. f4 d6 14. Nec4 b5 15. Na3 c4 16. Naxc4 bxc4 17. Bxc4 Ne4 18. Bb5+ Kf8 19. f5 exf5 20. Rdf1 Nxd2 21. Qxd2 Be4 22. Bd3 Nd7 23. Bxe4 fxe4 24. Rf5 Rh7 25. Rgf1 h4 26. Be1 Rb8 27. Qg2 Nf6 28. Bc3 Rc8 29. d5 Rxc3 30. bxc3 Rh6 31. Qd2 Qa5 32. Qd4 Kg7 33. Rg5+ Rg6 34. Rxg6+ fxg6 35. Rf4 Qxd5 36. Qxd5 Nxd5 37. Rxg4 Nxc3 38. Kd2 Bf6 39. a4 d5 40. a5 g5 41. a6 Kg6 42. Rg1 Nb5 43. h3 Nc7 44. Rb1 Nxa6 45. Rb7 g4 46. hxg4 h3 47. Rxa7 h2 0-1

[Event "November 21 Early 2023"]
[Site "https://www.chess.com"]
[Date "2023.11.21"]
[Round "11"]
[White "Eugene, Floryan"]
[Black "Bodnaruk, Anastasia"]
[Result "1/2-1/2"]
[Board "63"]
[TimeControl "180+1"]
[WhiteFideId "20694784"]
[BlackFideId "4181751"]
[WhiteElo "2369"]
[BlackElo "2260"]
[WhiteTeam "FRA"]
[BlackTeam "RUS"]
[WhiteClock "0:00:21"]
[BlackClock "0:00:18"]

1. d4 Nf6 2. c4 g6 3. Nf3 Bg7 4. Nc3 O-O 5. e4 d6 6. Be2 e5 7. O-O Nc6 8. d5 Ne7 9. b4 a5 10. Ba3 axb4 11. Bxb4 Ne8 12. a4 c5 13. dxc6 Nxc6 14. Ba3 Bg4 15. Rb1 Rb8 16. Nb5 Bxf3 17. Bxf3 Nd4 18. Nxd4 exd4 19. Bb2 Qf6 20. Qb3 Nc7 21. Rfd1 Ne6 22. Qb6 Qe5 23. Ba1 Rfc8 24. Rb5 Rc5 25. Bg4 Qxe4 26. Bxe6 Qxe6 27. Rxc5 dxc5 28. Qxc5 Rc8 29. Qa7 Qxc4 30. Qxb7 Qc1 31. Qb3 Rc2 32. Qb8+ Bf8 33. Qb1 Qxb1 34. Rxb1 d3 35. Kf1 d2 36. Rd1 Bb4 37. Ke2 Ra2 38. Bd4 Rxa4 39. Be3 Ra2 40. Bxd2 Kg7 41. Ke1 Rxd2 42. Rxd2 Kf6 43. Ke2 Bxd2 44. Kxd2 Ke5 45. Ke3 g5 46. Kd3 Kf4 47. Ke2 h5 48. f3 h4 49. Kf2 f5 50. g3+ hxg3+ 51. hxg3+ Ke5 52. Ke3 Kd5 53. f4 gxf4+ 54. Kxf4 Ke6 55. g4 fxg4 56. Kxg4 1/2-1/2

[Event "November 21 Early 2023"]
[Site "https://www.chess.com"]
[Date "2023.11.21"]
[Round "11"]
[White "Bettalli, Francesco"]
[Black "Kuegel, Tobias"]
[Result "0-1"]
[Board "64"]
[TimeControl "180+1"]
[WhiteFideId "2816453"]
[BlackFideId "4636295"]
[WhiteElo "2226"]
[BlackElo "2213"]
[WhiteTeam "ITA"]
[BlackTeam "GER"]
[WhiteClock "0:01:44"]
[BlackClock "0:00:16"]

1. d4 Nf6 2. Nc3 d5 3. Bf4 c5 4. e3 cxd4 5. exd4 Bg4 6. Bb5+ Nc6 7. Nf3 e6 8. h3 Bxf3 9. Qxf3 Be7 10. O-O O-O 11. Rad1 Qb6 12. Bxc6 Qxc6 13. Be5 b5 14. a3 a5 15. Qd3 b4 16. Qb5 Rfc8 17. Qxc6 Rxc6 18. Na4 bxa3 19. bxa3 Rxc2 20. Rc1 Rxc1 21. Rxc1 Bxa3 22. Rc7 Ne8 23. Rb7 Nd6 24. Bxd6 Bxd6 25. Nb6 Rb8 26. Rxb8+ Bxb8 27. Kf1 Ba7 28. Na4 Bxd4 29. f3 e5 30. Ke2 Kf8 31. Kd3 Ke7 32. Kc2 Kd6 33. Kd3 Kc6 34. Kc2 Kb5 35. Kb3 g5 36. g4 h6 37. Ka3 Kc4 38. Nb6+ Bxb6 0-1

[Event "November 21 Early 2023"]
[Site "https://www.chess.com"]
[Date "2023.11.21"]
[Round "11"]
[White "Pham, Le Thao Nguyen"]
[Black "Rodriguez Fontecha, Marcos"]
[Result "0-1"]
[Board "65"]
[TimeControl "180+1"]
[WhiteFideId "12401226"]
[BlackFideId "2256576"]
[WhiteElo "2261"]
[BlackElo "2249"]
[WhiteTeam "VIE"]
[BlackTeam "ESP"]
[WhiteClock "0:00:00"]
[BlackClock "0:00:20"]

1. d4 d5 2. c4 Nc6 3. e3 g6 4. Nc3 dxc4 5. Bxc4 Bg7 6. Nf3 Nf6 7. O-O O-O 8. h3 a6 9. a3 b5 10. Ba2 Bb7 11. Bd2 e6 12. Rc1 Ne7 13. Qe2 Ra7 14. e4 Qa8 15. Rfe1 Rd8 16. Bf4 Ne8 17. Qe3 Nd6 18. Ne5 Nc6 19. Nxc6 Bxc6 20. f3 Nf5 21. exf5 Bxd4 22. fxe6 Bxe3+ 23. Rxe3 Be8 24. Ne4 fxe6 25. Nf6+ Kg7 26. Be5 Bf7 27. Rec3 Kh6 28. Rxc7 Rxc7 29. Rxc7 Rf8 30. f4 Qd8 0-1

[Event "November 21 Early 2023"]
[Site "https://www.chess.com"]
[Date "2023.11.21"]
[Round "11"]
[White "Ongut, Tamas Gunes"]
[Black "Manukian, Artak"]
[Result "0-1"]
[Board "66"]
[TimeControl "180+1"]
[WhiteFideId "770280"]
[BlackFideId "13301373"]
[WhiteElo "2148"]
[BlackElo "2030"]
[WhiteTeam "HUN"]
[BlackTeam "ARM"]
[WhiteClock "0:00:23"]
[BlackClock "0:01:49"]

1. c4 Nf6 2. Nc3 g6 3. Nf3 Bg7 4. g3 O-O 5. Bg2 c5 6. O-O Nc6 7. d4 cxd4 8. Nxd4 d6 9. Nxc6 bxc6 10. Bxc6 Bh3 11. Bg2 Bxg2 12. Kxg2 Qc8 13. Qd3 Ng4 14. b3 Ne5 15. Qd2 Rb8 16. Bb2 Nxc4 17. bxc4 Qb7+ 18. Nd5 Bxb2 19. Rab1 e6 20. Rxb2 Qxb2 21. Ne7+ Kg7 22. Qxd6 Rfd8 23. Qf4 Qb7+ 0-1

[Event "November 21 Early 2023"]
[Site "https://www.chess.com"]
[Date "2023.11.21"]
[Round "11"]
[White "GatoRojo150"]
[Black "Sreyas Payyappat"]
[Result "1-0"]
[Board "67"]
[TimeControl "180+1"]
[BlackFideId "46674969"]
[WhiteElo "2573"]
[BlackElo "2043"]
[BlackTeam "IND"]
[WhiteClock "0:00:26"]
[BlackClock "0:00:10"]

1. e4 c6 2. Nc3 d5 3. Nf3 dxe4 4. Nxe4 Nf6 5. Qe2 Nxe4 6. Qxe4 Nd7 7. Bc4 Nf6 8. Ne5 e6 9. Qe2 b5 10. Bd3 Qc7 11. b3 Bd6 12. Bb2 Bb7 13. O-O a6 14. f4 c5 15. c4 b4 16. Rae1 O-O-O 17. Bc2 Rhf8 18. h3 Nd7 19. Qf2 f6 20. Nxd7 Qxd7 21. Be4 g5 22. Bxb7+ Qxb7 23. Rxe6 gxf4 24. Rfe1 Rg8 25. Kf1 Kb8 26. Bxf6 Rd7 27. Rxd6 Rxd6 28. Be5 Qc6 29. Re2 Ka7 30. Bxd6 Qxd6 31. Qf3 Qf6 32. Qe4 Rg7 33. Qe5 Qg6 34. Qxc5+ Kb8 35. Qe5+ Ka7 36. Qd4+ Ka8 37. Qe4+ 1-0

[Event "November 21 Early 2023"]
[Site "https://www.chess.com"]
[Date "2023.11.21"]
[Round "11"]
[White "Berezin, Viktor"]
[Black "FREDERICKtheMATE"]
[Result "1-0"]
[Board "68"]
[TimeControl "180+1"]
[WhiteFideId "14107872"]
[WhiteElo "2310"]
[BlackElo "2564"]
[WhiteTeam "UKR"]
[WhiteClock "0:01:08"]
[BlackClock "0:01:26"]

1. Nf3 Nf6 2. c4 g6 3. g3 Bg7 4. Bg2 O-O 5. O-O c5 6. Nc3 Nc6 7. d3 d6 8. Bd2 Rb8 9. a3 a6 10. Rb1 Bd7 11. b4 cxb4 12. axb4 b5 13. cxb5 axb5 14. Ne1 e6 15. Nc2 d5 16. e4 d4 17. Ne2 e5 18. f4 Ne8 19. fxe5 Bxe5 20. Bf4 f6 21. Kh1 Ng7 22. Ne1 g5 23. Bc1 g4 24. Nf4 Ra8 25. Nd5 Ra2 26. Qb3 Re2 27. Nf4+ Kh8 28. Nxe2 Be6 29. Qd1 Qe7 30. Nf4 Ra8 31. Nd5 Qf8 32. Nxf6 Bxf6 33. Bg5 Ne8 34. e5 Nxe5 35. Bxa8 1-0

[Event "November 21 Early 2023"]
[Site "https://www.chess.com"]
[Date "2023.11.21"]
[Round "11"]
[White "elmusmolamas"]
[Black "Khromkin, Andrey"]
[Result "1-0"]
[Board "69"]
[TimeControl "180+1"]
[BlackFideId "4154126"]
[WhiteElo "2561"]
[BlackElo "2474"]
[BlackTeam "RUS"]
[WhiteClock "0:01:43"]
[BlackClock "0:00:03"]

1. e4 c5 2. Nf3 Nc6 3. g3 g6 4. Bg2 Bg7 5. O-O e6 6. c3 Nge7 7. d4 cxd4 8. cxd4 d5 9. e5 O-O 10. Nc3 a6 11. g4 Bd7 12. Be3 Rc8 13. Qd2 f6 14. exf6 Rxf6 15. Rae1 Qf8 16. Ne5 Nxe5 17. dxe5 Rf3 18. Bxf3 Qxf3 19. Qe2 Qh3 20. f4 g5 21. Qg2 Qxg2+ 22. Kxg2 gxf4 23. Bxf4 Ng6 24. Bg3 d4 25. Ne4 Bc6 26. Kg1 Nxe5 27. Nd6 Rd8 28. Bxe5 Bxe5 29. Nf7 Bc7 30. Nxd8 Bxd8 31. Rxe6 d3 32. Rxc6 bxc6 33. Rd1 Bb6+ 34. Kg2 1-0

[Event "November 21 Early 2023"]
[Site "https://www.chess.com"]
[Date "2023.11.21"]
[Round "11"]
[White "Zaksaite, Salomeja"]
[Black "Tikhonov, Viacheslav"]
[Result "0-1"]
[Board "70"]
[TimeControl "180+1"]
[WhiteFideId "12801496"]
[BlackFideId "44196407"]
[WhiteElo "2065"]
[BlackElo "2191"]
[WhiteTeam "LTU"]
[BlackTeam "RUS"]
[WhiteClock "0:00:00"]
[BlackClock "0:00:02"]

1. e4 c5 2. Nf3 g6 3. d4 cxd4 4. Nxd4 Nc6 5. Nb3 Bg7 6. Be2 Nf6 7. Nc3 O-O 8. O-O d6 9. Bg5 Be6 10. f4 Qb6+ 11. Kh1 Rfe8 12. Bf3 Na5 13. Nd5 Bxd5 14. exd5 Nc4 15. Qd4 Qxd4 16. Nxd4 Nd2 17. Rfd1 Nxf3 18. Nxf3 Ne4 19. Rf1 Bxb2 20. Rab1 Nxg5 21. fxg5 Bg7 22. Rxb7 a5 23. Re1 Kf8 24. Rc7 a4 25. c4 a3 26. h4 Rab8 27. Re3 Rb1+ 28. Kh2 Bb2 29. Ne1 Ra1 30. Nc2 Rxa2 31. Nb4 Ra1 32. Ra7 Rc1 33. Re4 Rc3 34. Nc6 Rc2 35. Nb4 Rd2 36. Kh3 Be5 37. Nc6 Bb2 38. Nb4 Rf2 39. Kg3 Rf1 40. Nc6 Rc1 41. Nb4 Rc3+ 42. Kh2 Rb3 43. Nc6 Rb6 44. Ra4 Rd8 45. Na7 Ra8 46. Nc6 Rxa4 0-1

[Event "November 21 Early 2023"]
[Site "https://www.chess.com"]
[Date "2023.11.21"]
[Round "11"]
[White "ChessLebaneseSalah"]
[Black "Korchmar, Vasiliy"]
[Result "0-1"]
[Board "71"]
[TimeControl "180+1"]
[BlackFideId "24131750"]
[WhiteElo "2418"]
[BlackElo "2372"]
[BlackTeam "RUS"]
[WhiteClock "0:00:03"]
[BlackClock "0:02:03"]

1. e4 c5 2. Nf3 d6 3. d4 cxd4 4. Nxd4 Nf6 5. Nc3 Nc6 6. Bg5 Bd7 7. Qd2 a6 8. Bc4 e6 9. h4 h6 10. Be3 Ng4 11. Nxc6 Bxc6 12. Bf4 Qb6 13. O-O-O Qxf2 14. Bxd6 O-O-O 15. e5 Bxd6 16. exd6 Qxg2 17. Qxg2 Bxg2 18. Rhg1 Ne3 19. Rd4 g6 20. h5 g5 21. Bxa6 bxa6 22. Rd3 Bc6 23. Rxe3 Rxd6 24. Rf1 f5 25. Re5 f4 26. b4 Rf8 27. a4 g4 28. b5 axb5 29. axb5 Bb7 30. Rc5+ Kd7 31. Ne2 f3 32. Ng3 Rd5 33. Rc3 Rxb5 34. Rd1+ Rd5 35. Rf1 f2 36. Rb3 Ba6 37. c4 Bxc4 38. Rb7+ Kc6 39. Rh7 Bxf1 40. Nxf1 Re5 41. Kd2 Re1 42. Ne3 f1=Q 43. Nxf1 Rexf1 44. Rxh6 R8f2+ 45. Ke3 Rf6 46. Rh8 R1f3+ 47. Ke4 g3 48. Rg8 R3f4+ 49. Ke5 R4f5+ 50. Ke4 Rxh5 51. Rxg3 Rd5 52. Rc3+ Kd6 53. Ra3 Rff5 54. Ra6+ Ke7 55. Ra7+ Kf6 56. Ra8 Rfe5+ 57. Kf4 Rd4+ 58. Kf3 Red5 59. Rf8+ Ke5 60. Ra8 Rd3+ 61. Kg4 R5d4+ 62. Kg5 Rg3+ 63. Kh5 Rg1 64. Ra5+ Rd5 65. Ra4 Kd6+ 66. Kh4 Rgg5 67. Ra6+ Ke7 68. Ra7+ Kf6 69. Ra4 Rdf5 70. Ra8 e5 71. Ra6+ Ke7 72. Ra7+ Kd6 73. Ra8 e4 74. Ra6+ Kc5 75. Ra5+ Kd4 76. Ra4+ Kd3 77. Ra3+ Kc2 78. Re3 Re5 79. Re1 Rg8 80. Ra1 e3 81. Ra2+ Kb1 82. Ra3 e2 83. Kh3 e1=Q 84. Rb3+ Kc2 85. Rf3 Rh5# 0-1

[Event "November 21 Early 2023"]
[Site "https://www.chess.com"]
[Date "2023.11.21"]
[Round "11"]
[White "Nikologorsky, Matfei"]
[Black "Souleidis, Georgios"]
[Result "0-1"]
[Board "72"]
[TimeControl "180+1"]
[WhiteFideId "24102474"]
[BlackFideId "4206827"]
[WhiteElo "2153"]
[BlackElo "2401"]
[WhiteTeam "FID"]
[BlackTeam "GRE"]
[WhiteClock "0:00:05"]
[BlackClock "0:00:15"]

1. e4 c5 2. Nf3 e6 3. d4 cxd4 4. Nxd4 Nf6 5. Nc3 Nc6 6. Ndb5 Bc5 7. Nd6+ Ke7 8. Bf4 e5 9. Nf5+ Kf8 10. Be3 Bb4 11. Nd6 Qe7 12. Nf5 Qe6 13. Ng3 d5 14. exd5 Nxd5 15. Bd2 Nxc3 16. bxc3 Ba5 17. Be2 h5 18. h4 g6 19. Kf1 Kg7 20. Rb1 Bb6 21. a4 Qe7 22. Be1 Be6 23. Qc1 Rad8 24. Ne4 Rd7 25. Bd2 f6 26. Be3 Bxe3 27. Qxe3 Bf5 28. f3 Rhd8 29. Bd3 b6 30. Kf2 Na5 31. Rhe1 Qf7 32. Rb5 Nc4 33. Qe2 Nd6 34. Rb4 Bxe4 35. fxe4 Nb7 36. Qf3 Nc5 37. Bc4 Rd2+ 38. Kg1 Qe7 39. a5 Rxc2 40. axb6 axb6 41. Rxb6 Rdd2 42. Bf1 Rb2 43. Rxb2 Rxb2 44. Qe3 Ne6 45. Rc1 Nf4 46. c4 Ra2 47. c5 Ra7 48. c6 Rc7 49. g3 Ne6 50. Qb6 Nd4 51. Kf2 Qd6 52. Qc5 Qxc5 53. Rxc5 Rxc6 54. Rxc6 Nxc6 55. Be2 Nd4 56. Bc4 g5 57. hxg5 fxg5 58. Bd5 Kg6 59. Ke3 Kf6 60. Kf2 Nb5 61. Ke3 Nd6 62. Kf2 Ne8 63. Ke3 Ng7 64. Kf2 Ne6 65. Ke3 Nf8 66. Kf2 Ng6 67. Ke3 g4 68. Kf2 Kg5 69. Be6 h4 70. gxh4+ Kxh4 71. Bf5 Nf4 72. Bd7 g3+ 73. Kf3 g2 74. Kf2 Kg5 75. Bc8 Kf6 76. Bd7 Ke7 77. Bf5 Kd6 78. Bg4 Kc5 79. Bf3 Kd4 80. Kg1 Ke3 81. Bxg2 Nxg2 82. Kxg2 Kxe4 83. Kf2 Kd3 84. Ke1 Ke3 85. Kf1 Kd2 86. Kf2 e4 87. Kg3 e3 88. Kf3 e2 89. Kf2 e1=Q+ 0-1

[Event "November 21 Early 2023"]
[Site "https://www.chess.com"]
[Date "2023.11.21"]
[Round "11"]
[White "Spata, German"]
[Black "Cruz Mendez, Jean Marco"]
[Result "1-0"]
[Board "73"]
[TimeControl "180+1"]
[WhiteFideId "113026"]
[BlackFideId "3526402"]
[WhiteElo "2260"]
[BlackElo "2064"]
[WhiteTeam "ARG"]
[BlackTeam "CUB"]
[WhiteClock "0:01:05"]
[BlackClock "0:00:50"]

1. e4 e5 2. Nc3 Nc6 3. f4 exf4 4. d4 Qh4+ 5. Ke2 d6 6. Nf3 Bg4 7. Bxf4 Bxf3+ 8. Kxf3 Nf6 9. g3 Qg4+ 10. Kf2 Qxd1 11. Rxd1 O-O-O 12. Bc4 Rd7 13. Kf3 g6 14. e5 dxe5 15. dxe5 Nh5 16. Rxd7 Kxd7 17. Bxf7 Bg7 18. e6+ Kc8 19. Rd1 Bxc3 20. bxc3 Rf8 21. Bh6 Rd8 22. Rxd8+ Kxd8 23. Ke4 Ke7 24. Bg5+ Kd6 25. g4 Ng7 26. Bf4+ Ke7 27. Kd5 Nd8 28. Bg5+ 1-0

[Event "November 21 Early 2023"]
[Site "https://www.chess.com"]
[Date "2023.11.21"]
[Round "11"]
[White "Tasev, Dejan"]
[Black "Kubicka, Anna"]
[Result "1-0"]
[Board "74"]
[TimeControl "180+1"]
[WhiteFideId "936618"]
[BlackFideId "1152254"]
[WhiteElo "2248"]
[BlackElo "2042"]
[WhiteTeam "SRB"]
[BlackTeam "POL"]
[WhiteClock "0:01:27"]
[BlackClock "0:00:10"]

1. e4 c5 2. Nf3 d6 3. Nc3 Nf6 4. d4 cxd4 5. Nxd4 a6 6. Bc4 e6 7. Bb3 Be7 8. f3 O-O 9. Be3 b5 10. a3 Bb7 11. Qd2 Nc6 12. O-O-O Nxd4 13. Bxd4 Rc8 14. g4 e5 15. Be3 Nd7 16. h4 Nc5 17. Ba2 Qa5 18. Kb1 Rfe8 19. Nd5 Qxd2 20. Nxe7+ Rxe7 21. Rxd2 Rd7 22. Rhd1 h5 23. gxh5 Rcc7 24. h6 gxh6 25. Bxh6 Kh7 26. Be3 f5 27. Bxc5 Rxc5 28. Be6 Rdc7 29. Bxf5+ Kh8 30. c3 R5c6 31. Rxd6 Rxd6 32. Rxd6 Rg7 33. Rh6+ Kg8 34. Rg6 Rxg6 35. Bxg6 Bc8 36. Kc1 Kg7 37. Bh5 Kf6 38. Bg4 Bb7 39. Kd2 Bc6 40. Kd3 Be8 41. c4 bxc4+ 42. Kxc4 Bb5+ 43. Kc5 Be2 44. b4 Ke7 45. a4 Bd1 46. b5 axb5 47. axb5 Kd8 48. b6 1-0

[Event "November 21 Early 2023"]
[Site "https://www.chess.com"]
[Date "2023.11.21"]
[Round "11"]
[White "gueraumasague"]
[Black "Kochiev, Ivan"]
[Result "1-0"]
[Board "75"]
[TimeControl "180+1"]
[BlackFideId "2917890"]
[WhiteElo "2586"]
[BlackElo "2285"]
[BlackTeam "BUL"]
[WhiteClock "0:00:11"]
[BlackClock "0:00:02"]

1. e4 e5 2. Nc3 Nc6 3. f4 exf4 4. d4 d6 5. Bxf4 Nf6 6. Qd2 Bg4 7. h3 Bh5 8. g4 Bg6 9. Bg2 h6 10. O-O-O Qd7 11. Nge2 O-O-O 12. Ng3 h5 13. g5 h4 14. Nge2 Nh5 15. Be3 a6 16. d5 Nb8 17. Qd4 b6 18. a4 a5 19. Qc4 Kb7 20. Nd4 Re8 21. Rhe1 Ng3 22. Bf4 Re5 23. Kb1 Be7 24. Nf3 Bh5 25. Bxe5 Bxf3 26. Bxf3 dxe5 27. Bg4 Qd8 28. Nb5 Bd6 29. Re3 Na6 30. Qc6+ Kb8 31. Rc3 Nxe4 32. Rc4 Nb4 33. Rxb4 Bxb4 34. c3 Bc5 35. d6 Nxd6 36. Nxd6 Qxd6 37. Rxd6 Bxd6 38. Bf3 Kc8 39. Qa8+ 1-0

[Event "November 21 Early 2023"]
[Site "https://www.chess.com"]
[Date "2023.11.21"]
[Round "11"]
[White "Kanyamarala, Trisha"]
[Black "Demin, Vladimir"]
[Result "0-1"]
[Board "76"]
[TimeControl "180+1"]
[WhiteFideId "45004722"]
[BlackFideId "4167457"]
[WhiteElo "2078"]
[BlackElo "2582"]
[WhiteTeam "IRL"]
[BlackTeam "RUS"]
[WhiteClock "0:00:03"]
[BlackClock "0:00:32"]

1. c4 Nf6 2. Nc3 e6 3. e4 d5 4. e5 Nfd7 5. Nf3 d4 6. Nxd4 Nxe5 7. Nf3 Nd3+ 8. Bxd3 Qxd3 9. Qe2 Qxe2+ 10. Kxe2 a6 11. d4 Nc6 12. Bf4 Bd6 13. Bxd6 cxd6 14. Ne4 Ke7 15. c5 d5 16. Nd6 Rb8 17. a3 b6 18. b4 bxc5 19. dxc5 e5 20. Kd2 f6 21. Rhe1 Be6 22. Rab1 d4 23. Kd3 g5 24. Nd2 f5 25. f3 Kf6 26. N2c4 h5 27. Rb2 Bxc4+ 28. Kxc4 Rh7 29. a4 a5 30. b5 Nb4 31. Rbe2 Re7 32. c6 d3 33. Rd2 Rd8 34. Kc5 e4 35. fxe4 Re5+ 36. Kc4 Rxd6 37. c7 Re8 38. e5+ Rxe5 39. Rxe5 Kxe5 40. c8=Q Rd4+ 41. Kb3 Nd5 42. Qe8+ Kf4 43. Qe1 Rb4+ 44. Ka3 Ne3 45. Rf2+ Ke4 46. Qc1 f4 47. Qc6+ Kd4 48. Qd6+ Kc4 49. Qe6+ Kc3 50. Qe5+ Rd4 51. Qc5+ Nc4+ 52. Ka2 d2 53. Rxd2 Rxd2+ 54. Kb1 Rd1+ 55. Ka2 Rd2+ 56. Kb1 Kb3 57. Kc1 Rc2+ 58. Kd1 Ne3+ 59. Qxe3+ fxe3 60. b6 Rd2+ 61. Ke1 Kc3 62. b7 Rb2 63. g4 hxg4 64. h3 gxh3 65. Kf1 Kd3 66. Kg1 Rxb7 67. Kh1 Rb2 68. Kg1 Ke4 69. Kh1 Kf3 70. Kg1 g4 71. Kh1 Kg3 72. Kg1 Rb1# 0-1

[Event "November 21 Early 2023"]
[Site "https://www.chess.com"]
[Date "2023.11.21"]
[Round "11"]
[White "BM223344"]
[Black "Statham_l3"]
[Result "0-1"]
[Board "77"]
[TimeControl "180+1"]
[WhiteElo "2495"]
[BlackElo "2577"]
[WhiteClock "0:00:17"]
[BlackClock "0:00:09"]

1. d4 a6 2. c4 e6 3. Nf3 Nf6 4. g3 d5 5. Bg2 dxc4 6. a4 Bb4+ 7. Bd2 c5 8. Bxb4 cxb4 9. Qc2 Qd5 10. Nbd2 O-O 11. Qxc4 Nc6 12. O-O Rd8 13. Rfd1 e5 14. dxe5 Nxe5 15. Nxe5 Qxe5 16. Nf3 Rxd1+ 17. Rxd1 Qe7 18. Nd4 Rb8 19. e4 h5 20. Re1 Nd7 21. e5 b5 22. axb5 axb5 23. Qc7 Qc5 24. Qd8+ Qf8 25. Qg5 Bb7 26. Bxb7 Rxb7 27. Qxh5 Nc5 28. e6 fxe6 29. Nxe6 Nxe6 30. Rxe6 Re7 31. Rxe7 Qxe7 32. Qd5+ Kh8 33. Qxb5 Qe1+ 34. Kg2 Qe4+ 35. Kf1 Qb1+ 36. Kg2 Qe4+ 37. f3 Qc2+ 38. Kh3 Qh7+ 39. Kg4 Qg6+ 40. Qg5 Qe6+ 41. Qf5 Qc4+ 42. Kh5 Qe2 43. h4 b3 44. Kg6 Qe8+ 45. Qf7 Qc6+ 46. Kg5 Qc5+ 47. Kg4 Qc8+ 48. Kg5 Qc1+ 49. Qf4 Qxb2 50. Qf8+ Kh7 51. Qf5+ Kg8 52. Qe6+ Kh8 53. Qe8+ Kh7 54. Qh5+ Kg8 55. Qe8+ Kh7 56. Qe4+ Kh8 57. Qa8+ Kh7 58. Qe4+ g6 59. Qe8 Qd2+ 60. f4 Qd5+ 61. Kf6 Qf5+ 62. Ke7 Qe4+ 63. Kf7 Qxe8+ 64. Kxe8 b2 65. h5 b1=Q 66. hxg6+ Qxg6+ 67. Ke7 Qxg3 68. f5 Qe5+ 69. Kf7 Qxf5+ 70. Ke7 Kg7 0-1

[Event "November 21 Early 2023"]
[Site "https://www.chess.com"]
[Date "2023.11.21"]
[Round "11"]
[White "FunnyDuck66"]
[Black "ChainedDowntohell"]
[Result "1-0"]
[Board "78"]
[TimeControl "180+1"]
[WhiteElo "2482"]
[BlackElo "2575"]
[WhiteClock "0:00:20"]
[BlackClock "0:00:00"]

1. d4 Nf6 2. Nf3 d5 3. c4 e6 4. cxd5 exd5 5. Qc2 Bb4+ 6. Nc3 O-O 7. Bg5 h6 8. Bh4 c5 9. e3 Be6 10. dxc5 Nbd7 11. a3 Bxc3+ 12. Qxc3 g5 13. Bg3 Ne4 14. Qc2 Ndxc5 15. Be2 Bf5 16. Qd1 Qb6 17. Be5 Nb3 18. Ra2 Rfe8 19. O-O g4 20. Nd4 Nbd2 21. Bf4 Bg6 22. Re1 h5 23. f3 gxf3 24. gxf3 Rac8 25. fxe4 Nxe4 26. Bf3 Qf6 27. Qe2 Kh7 28. Kh1 Nc5 29. Qf2 Nd3 30. Qe2 Nxe1 31. Qxe1 Qxf4 32. exf4 Rxe1+ 33. Kg2 Rec1 34. f5 Bxf5 35. Nxf5 R8c2+ 36. Kg3 Kg6 37. Ne3 Rd2 38. Nxd5 Rcc2 39. Be4+ Kg5 40. Bxc2 Rxc2 41. Ne3 Rc1 42. b4 h4+ 43. Kf3 f5 44. Rg2+ Kf6 45. Kf4 Rc2 46. Rxc2 1-0

[Event "November 21 Early 2023"]
[Site "https://www.chess.com"]
[Date "2023.11.21"]
[Round "11"]
[White "Iskusnyh, Sergei"]
[Black "Jamal-Jamal-Jamal"]
[Result "0-1"]
[Board "79"]
[TimeControl "180+1"]
[WhiteFideId "4120027"]
[WhiteElo "2455"]
[BlackElo "2468"]
[WhiteTeam "RUS"]
[WhiteClock "0:00:00"]
[BlackClock "0:00:09"]

1. d4 e6 2. c4 Nf6 3. g3 d5 4. Bg2 Be7 5. Nf3 O-O 6. Qc2 dxc4 7. Qxc4 a6 8. Qc2 b5 9. Ne5 Nd5 10. O-O Bb7 11. Bd2 Bf6 12. Rd1 Nd7 13. Ba5 Bxe5 14. dxe5 Rc8 15. Nc3 Nxe5 16. e4 Nc4 17. b4 Nde3 18. fxe3 Nxe3 19. Qe2 Nxd1 20. Rxd1 Qe7 21. Qe3 Rfd8 22. Rf1 Rd7 23. e5 Bxg2 24. Kxg2 Rcd8 25. Ne4 Rd3 26. Qf4 h6 27. Rf2 R8d4 28. Re2 Qd7 29. Kh3 Qd5 30. Rf2 Qxe4 31. Qxf7+ Kh7 32. Rf4 Qg6 33. Qxc7 Rxf4 34. Qc2 Qg4+ 35. Kg2 Qf3+ 36. Kh3 Qg4+ 37. Kg2 Rd4 38. Bb6 Qf3+ 39. Kh3 Qf5+ 40. Kg2 Rd2+ 0-1

[Event "November 21 Early 2023"]
[Site "https://www.chess.com"]
[Date "2023.11.21"]
[Round "11"]
[White "Khater, Sherif"]
[Black "Ramla2020"]
[Result "1/2-1/2"]
[Board "80"]
[TimeControl "180+1"]
[WhiteFideId "2034280"]
[WhiteElo "2542"]
[BlackElo "2465"]
[WhiteTeam "USA"]
[WhiteClock "0:00:13"]
[BlackClock "0:00:15"]

1. d4 Nf6 2. Bg5 d5 3. Bxf6 exf6 4. e3 Bd6 5. c4 c6 6. cxd5 cxd5 7. Nc3 Be6 8. g3 O-O 9. Bg2 Bb4 10. Ne2 Nd7 11. O-O Nb6 12. a3 Bxc3 13. Nxc3 Nc4 14. Qe2 Rc8 15. Rac1 a6 16. Rc2 b5 17. Rfc1 Qd6 18. g4 g6 19. h3 Rc7 20. Na2 Rfc8 21. Nb4 f5 22. Nd3 fxg4 23. hxg4 a5 24. Nc5 b4 25. axb4 axb4 26. b3 Nb6 27. Qb5 Nd7 28. Qxb4 Rb8 29. Qd2 Bxg4 30. Nxd7 Rxc2 31. Qxc2 Bxd7 32. Qc7 Qxc7 33. Rxc7 Be6 34. Rc5 Rxb3 35. Bxd5 Bxd5 36. Rxd5 h5 37. Kg2 Kf8 38. Rc5 Ke7 39. Kg3 Rb1 40. Rc7+ Kf6 41. e4 Rg1+ 42. Kh2 Rd1 43. d5 g5 44. Kg2 g4 45. Kg3 Rd3+ 46. Kg2 h4 47. Rc6+ Kg5 48. Rc7 Kf6 49. Rc6+ Kg5 50. Rc7 f6 51. Rg7+ Kf4 52. Rf7 Ke5 53. Re7+ Kf4 54. Re6 h3+ 55. Kh2 f5 56. exf5 Kxf5 57. Rd6 Ke5 58. Rg6 Kf4 59. Rf6+ Kg5 60. Rd6 Rd2 61. Kg3 Rd3+ 62. Kh2 Kf4 63. Rf6+ Ke4 64. Rg6 Kf5 65. Rd6 Rf3 66. Kg1 Rd3 67. Rd8 Ke5 68. Rg8 Rd4 69. Rg5+ Kf4 70. Rh5 Kf3 71. Rf5+ Ke4 72. Rh5 Kf4 73. Kh2 Rd2 74. Kg1 Kf3 75. Rf5+ Ke4 76. Rg5 Kf4 77. Rh5 g3 78. Rxh3 gxf2+ 79. Kf1 Rxd5 80. Kg2 Rd2 81. Rf3+ Ke4 82. Rxf2 Rd3 83. Re2+ Kf4 84. Rf2+ Kg4 85. Re2 Rg3+ 86. Kf2 Rc3 87. Ke1 Kf4 88. Kd2 Ra3 89. Re8 Kf5 90. Re3 Ra2+ 91. Kd3 Ra1 92. Re2 Rd1+ 93. Kc2 Rh1 94. Rd2 Ke4 95. Re2+ Kd4 96. Rd2+ Kc4 97. Re2 Rf1 98. Kd2 Ra1 99. Ke3 Ra3+ 100. Ke4 Ra7 101. Rc2+ Kb3 102. Rc6 Re7+ 103. Kd4 Rd7+ 104. Kc5 Rd3 105. Kb6 Rc3 1/2-1/2